 Dungeon Crawl Stone Soup version 0.27-a0-1200-g94dc6ad4cf (webtiles) character file.

Game seed: 9121163881255173346

191 senseless the Covered (level 5, 0/47 HPs)
             Began as a Minotaur Fighter on May 31, 2021.
             Slain by an orc wizard
             ... wielding a +2 dagger of electrocution
              (19 damage)
             ... on level 3 of the Dungeon.
             The game lasted 00:03:48 (2587 turns).

senseless the Covered (Minotaur Fighter)            Turns: 2587, Time: 00:03:49

Health: 0/47       AC: 16    Str: 20    XL:     5   Next: 41%
Magic:  4/4        EV:  4    Int:  5    God:
Gold:   33         SH:  9    Dex: 11    Spells: 4/4 levels left

rFire    . . .     SeeInvis .   a - +0 war axe
rCold    . . .     Faith    .   c - +0 kite shield
rNeg     . . .     Spirit   .   g - +1 plate armour
rPois    .         Reflect  .   (helmet restricted)
rElec    .         Harm     .   k - +2 cloak
rCorr    .         Rampage  .   (no gloves)
Will     .....                  (no boots)
Stlth    ..........             (no amulet)
HPRegen  0.15/turn              (no ring)
MPRegen  0.09/turn              (no ring)

@: no status effects
A: horns 2, retaliatory headbutt
a: no special abilities


You were on level 3 of the Dungeon.
You visited 1 branch of the dungeon, and saw 3 of its levels.

You collected 33 gold pieces.

Inventory:

Hand Weapons
 a - a +0 war axe (weapon)
Armour
 b - a +0 scale mail
 c - a +0 kite shield (worn)
 g - a +1 plate armour (worn)
 k - a +2 cloak (worn)
Wands
 j - a wand of paralysis (10)
Scrolls
 f - 2 scrolls of identify
 n - a scroll of teleportation {unknown}
 o - a scroll of enchant weapon {unknown}
 p - a scroll of silence
Potions
 d - a potion of might
 e - 2 potions of magic
 h - 2 potions of heal wounds {unknown}
 i - a potion of lignification {unknown}
 l - a potion of flight {unknown}
 m - a potion of haste {unknown}


   Skills:
 + Level 4.9 Fighting
 + Level 3.9 Axes
 + Level 4.9 Armour
 + Level 4.8 Shields


You had 4 spell levels left.
You didn't know any spells.
Your spell library was empty.

Dungeon Overview and Level Annotations

Branches:
Dungeon (3/15)

Altars:

Shops:
D:1 (   D:2 !


Innate Abilities, Weirdness & Mutations

You have a pair of horns on your head.
You reflexively headbutt those who attack you in melee.


Message History

An orc wizard comes into view.
It is wielding a +2 dagger of electrocution.
The orc hits you but does no damage.
You slash the orc!
You kill the orc!
An orc comes into view. It is wielding a +0 flail.
The orc priest mumbles some strange prayers to Beogh against you.
You barely resist. You slash the orc priest!
The orc priest is severely wounded.
The orc wizard gestures at itself while chanting.
The orc wizard flickers and vanishes!
Deactivating autopickup; reactivate with Ctrl-A.
The orc priest looks satisfied for a moment.
Your plate armour prevents you from hitting the orc priest.
You headbutt the orc priest.
You kill the orc priest!
You closely miss something.
You hear some strange, mumbled words.
Something tries to affect you, but you resist.
Something hits you but does no damage.
You barely miss something.
You hear some strange, mumbled words.
A magic dart appears from out of thin air!
The magic dart hits you.
Your shield and plate armour prevent you from hitting something.
Your headbutt misses something.
Something hits you but does no damage. x2
You closely miss something. Your headbutt misses something.
Something hits you but does no damage.
You closely miss something. Your headbutt misses something.
Something hits you but does no damage.
You are electrocuted!!
You block something's attack.
You hit something. You headbutt something.
Something hits you but does no damage.
You miss something.
Something hits you but does no damage. x2
You miss something. You headbutt something.
Something hits you but does no damage.
You are electrocuted!
You closely miss something.
Something hits you but does no damage. x2
You closely miss something.
Something hits you but does no damage. x2
You are electrocuted!!
You die...

.....# #.#
.....# ######.#
..<..# #...##.#
.....# #...##.#
.....####...##.#
######.....)'..#
#.##...#..#
#...#..#####.#
#...#...@{o..#
#...#.########
#...#.. #...###
.....


You could see an orc.

Vanquished Creatures
  An orc priest (D:3)
  Ijyb (D:3)
  Terence (D:2)
  4 adders
  2 worms
  4 dart slugs
  2 orcs (D:3)
  4 ball pythons
  8 bats
  3 endoplasms
  A giant cockroach (D:2)
  10 goblins
  5 hobgoblins
  4 jackals (D:2)
  4 quokkas
  3 frilled lizards
  A kobold (D:1)
  2 rats
60 creatures vanquished.

Notes
Turn   | Place    | Note
-------+----------+-------------------------------------------
     0 | D:1      | senseless the Minotaur Fighter began the quest for the Orb.
     0 | D:1      | Reached XP level 1. HP: 19/19 MP: 0/0
   189 | D:1      | Reached XP level 2. HP: 27/27 MP: 1/1
   531 | D:1      | Found Gurghe's Weapon Shoppe.
   723 | D:1      | Found a faded altar of an unknown god.
   766 | D:1      | Reached XP level 3. HP: 33/33 MP: 2/2
  1009 | D:2      | Found Socsap's Distillery.
  1276 | D:2      | Noticed Terence
  1284 | D:2      | Killed Terence
  1285 | D:2      | Reached XP level 4. HP: 31/41 MP: 3/3
  2501 | D:3      | Noticed Ijyb
  2515 | D:3      | Killed Ijyb
  2516 | D:3      | Reached XP level 5. HP: 43/47 MP: 4/4
  2587 | D:3      | Slain by an orc wizard

Illustrated notes

Levels and vault maps discovered:
D:1:      giann_bridges, layout_basic, serial_shops, shop_fountains,
          ebering_ecumenical_altar_mist, hangedman_decor_clover_reticule
D:2:      layout_basic, serial_shops, nicolae_shop_statue_plus,
          minmay_pentomino_x2, uniq_terence
D:3:      layout_basic, kennysheep_generic_room_4, uniq_ijyb

Skill      XL: |  1  2 |
---------------+-------+-----
Fighting       | 4 |  4.9
Armour         | 4 |  4.9
Shields        | 4 |  4.8
Axes           | 3 |  3.9

Action                   |  1- 3 |  4- 6 || total
-------------------------+-------+-------++-------
Melee: War axe           |    61 |    88 ||   149
       Headbutt          |     8 |    14 ||    22
  Use: Scroll            |     3 |     5 ||     8
Armor: Scale mail        |    11 |       ||    11
       Plate armour      |    21 |    64 ||    85
Dodge: Dodged            |     8 |    15 ||    23
Block: Kite shield       |    29 |    47 ||    76

Table legend: (Time is in decaauts)
 A = Elapsed time spent in this place.
 B = Non-inter-level travel time spent in this place.
 C = Inter-level travel time spent in this place.
 D = Time resting spent in this place.
 E = Time spent auto-exploring this place.
 F = Levels seen in this place.
 G = Mean time per level.
                   A        B        C        D        E       F      G
               +--------+--------+--------+--------+--------+-----+--------+
         Total |   2668 |   2620 |     48 |    165 |   2019 |   3 |  889.3 |
       Dungeon |   2668 |   2620 |     48 |    165 |   2019 |   3 |  889.3 |
               +--------+--------+--------+--------+--------+-----+--------+

Top non-repeatable levels by time:
     D:2: 1185 daAuts
     D:1: 1031 daAuts
     D:3: 451 daAuts
